 Dungeon Crawl Stone Soup version 0.28.0-45-g0d030f2227 (webtiles) character file.

Game seed: 17850385582279277774

1600 markt42 the Basher (level 8, -2/49 HPs)
             Began as a Gargoyle Fighter on May 2, 2022.
             Slain by a yak (5 damage)
             ... on level 5 of the Dungeon.
             The game lasted 00:06:22 (6225 turns).

markt42 the Basher (Gargoyle Fighter)               Turns: 6225, Time: 00:06:23

Health: -2/49      AC: 22    Str: 20    XL:     8   Next: 94%
Magic:  8/8        EV:  5    Int:  9    God:
Gold:   79         SH:  5    Dex: 13    Spells: 7/7 levels left

rFire   . . .      SeeInvis .   a - +1 flail
rCold   . . .      Faith    .   c - +0 buckler
rNeg    + . .      Spirit   .   f - +0 plate armour
rPois   ∞          Reflect  .   (no helmet)
rElec   +          Harm     .   d - +2 cloak {rCorr}
rCorr   +          Rampage  .   h - +0 pair of gloves
Will    .....                   (no boots)
Stlth   ..........              (no amulet)
HPRegen 0.16/turn               (no ring)
MPRegen 0.11/turn               (no ring)

@: no status effects
A: sickness immunity, AC +5, negative energy resistance 1, electricity
resistance, torment resistance 1, petrification resistance, agile 1, screaming
1, wild magic 1
a: no special abilities


You were on level 5 of the Dungeon.
You visited 1 branch of the dungeon, and saw 6 of its levels.
You also visited: Ossuary.

You collected 286 gold pieces.
You spent 207 gold pieces at shops.

Inventory:

Hand Weapons
 a - a +1 flail (weapon)
Armour
 c - a +0 buckler (worn)
 d - a +2 cloak of preservation (worn)
 f - a +0 plate armour (worn)
 h - a +0 pair of gloves (worn)
 o - the +0 scale mail of Undesirable Species {rC- Will+ Dex+5 SInv}
   (You bought it in a shop on level 5 of the Dungeon)

   Dex:       It affects your dexterity (+5).
   rC:        It makes you vulnerable to cold.
   SInv:      It lets you see invisible.
   Will:      It increases your willpower.
Jewellery
 b - an amulet of magic regeneration
Scrolls
 g - 3 scrolls of identify
 k - a scroll of brand weapon {unknown}
 m - 2 scrolls of blinking
 n - 3 scrolls of teleportation
Potions
 e - a potion of ambrosia {unknown}
 j - 2 potions of curing
 l - a potion of brilliance


   Skills:
 + Level 5.2 Fighting
 * Level 9.4 Maces & Flails
 + Level 5.1 Armour
 + Level 0.2 Stealth
 + Level 4.4 Shields


You had 7 spell levels left.
You didn't know any spells.
Your spell library was empty.

Dungeon Overview and Level Annotations

Branches:
Dungeon (6/15)            Ossuary (visited)
 Temple: D:4-7

Altars:
Fedhas
Uskayaw

Shops:
D:5 [


Innate Abilities, Weirdness & Mutations

You are immune to sickness and miasma.
Your stone body is resilient. (AC +5)
You are immune to poison.
You resist negative energy. (rN+)
You are resistant to electric shocks. (rElec)
You are resistant to unholy torment.
You are immune to petrification.
You are agile. (Dex +2)
You occasionally shout uncontrollably at your foes.
Your spells are a little harder to cast, but a little more powerful.


Message History

You start waiting.
Done waiting.
You climb downwards.
The yak bellows!
The yak gores you. The yak barely misses you.
The yak gores you but does no damage. x2
There is a stone staircase leading up here.
The yak gores you! x2
You climb upwards.
There is a stone staircase leading down here.
You completely miss the yak. The yak gores you but does no damage.
You hit the yak but do no damage. The yak gores you but does no damage.
The yak gores you!
You are too injured to fight recklessly!
You are too injured to fight recklessly!
You feel much better. The yak closely misses you. The yak gores you!
You hit the yak.
The yak is lightly wounded.
The yak gores you! x2
You hit the yak.
The yak is moderately wounded.
The yak gores you but does no damage.
You hit the yak but do no damage.
The yak is moderately wounded.
You block the yak's attack. The yak gores you but does no damage.
You sock the yak!
The yak is severely wounded.
The yak barely misses you. The yak gores you!
* * * LOW HITPOINT WARNING * * *
You hit the yak but do no damage.
The yak is severely wounded.
You block the yak's attack. The yak gores you but does no damage.
You completely miss the yak.
The yak is heavily wounded.
You block the yak's attack. The yak gores you.
* * * LOW HITPOINT WARNING * * *
You hit the yak.
The yak is severely wounded.
The yak gores you.
You die...

####...#####
#....######
#....#.....#
#....>....#
#.##...###.#
##...####.#
#.###.## #.#
##.####... #.#
#.# #.#
#......#. #.#
#.# ##.##
######... #.#
#.###.#.######
##.# #.#
#...Y###.....#
#.# #.#
#####@#.####.#
#..
#.########Y##
#.# ###
#..........#
#.# #
############
###.### ##
#.....# #.
#.###.######.
#.# #........
#.###.######.
#.....# #.


You could see 2 yaks.

Vanquished Creatures
  Sigmund (D:4)
  A yak (D:5)
  Edmund (D:5)
  A water moccasin (D:5)
  An orc warrior (D:5)
  A phantom (D:5)
  A kobold brigand (D:5)
  2 bullfrogs (D:6)
  A scorpion (D:2)
  A water moccasin zombie (Ossuary)
  A jelly (D:5)
  2 orc priests
  Crazy Yiuf (D:2)
  A centaur skeleton (D:5)
  Jessica (D:2)
  6 orc wizards
  3 mummies
  7 adders
  3 gnolls (D:4)
  An adder skeleton (D:4)
  5 adder zombies (Ossuary)
  4 worms
  3 dart slugs
  26 orcs
  5 ball pythons
  10 endoplasms
  2 giant cockroaches
  4 gnoll zombies (Ossuary)
  A hobgoblin (D:1)
  4 jackals (D:1)
  11 kobolds
  A bat (D:1)
  6 goblins
  4 hobgoblin zombies (Ossuary)
  11 kobold zombies (Ossuary)
  3 orc zombies (Ossuary)
  5 rats
142 creatures vanquished.

Vanquished Creatures (others)
  An orc wizard (D:3)
  7 fungi (D:1)
  5 plants (D:1)
13 creatures vanquished.

Grand Total: 155 creatures vanquished

Notes
Turn   | Place    | Note
-------+----------+-------------------------------------------
     0 | D:1      | markt42 the Gargoyle Fighter began the quest for the Orb.
     0 | D:1      | Reached XP level 1. HP: 14/14 MP: 1/1
   200 | D:1      | Reached XP level 2. HP: 15/19 MP: 2/2
   272 | D:1      | Found a faded altar of an unknown god.
   415 | D:1      | Reached XP level 3. HP: 21/23 MP: 3/3
   842 | D:2      | Noticed a scorpion
   855 | D:2      | Killed a scorpion
   856 | D:2      | Reached skill level 3 in Maces & Flails
   856 | D:2      | Reached XP level 4. HP: 5/29 MP: 4/4
  1428 | D:2      | Found a runed translucent door.
  1429 | D:2      | Noticed Crazy Yiuf
  1435 | D:2      | Killed Crazy Yiuf
  1436 | D:2      | Reached XP level 5. HP: 12/33 MP: 5/5
  1653 | D:2      | Noticed Jessica
  1662 | D:2      | Killed Jessica
  1663 | D:2      | Reached skill level 4 in Maces & Flails
  1982 | D:3      | Found a blossoming altar of Fedhas.
  1991 | D:3      | Found a hide-covered altar of Uskayaw.
  2414 | D:3      | Reached XP level 6. HP: 36/38 MP: 6/6
  2421 | D:3      | Reached skill level 5 in Maces & Flails
  2935 | D:4      | Found a sand-covered staircase.
  3115 | Ossuary  | Entered an ossuary
  3644 | Ossuary  | Gained mutation: Armour fits poorly on your strangely
                  | shaped body. [potion of mutation]
  3644 | Ossuary  | Gained mutation: Your body sometimes deteriorates upon
                  | taking damage. [potion of mutation]
  3644 | Ossuary  | Gained mutation: You passively map a small area around you.
                  | [potion of mutation]
  3645 | Ossuary  | Lost mutation: You passively map a small area around you.
                  | [potion of mutation]
  3645 | Ossuary  | Lost mutation: Armour fits poorly on your strangely shaped
                  | body. [potion of mutation]
  3645 | Ossuary  | Gained mutation: You are partially covered in iridescent
                  | scales. (AC +2) [potion of mutation]
  3808 | D:4      | Reached skill level 6 in Maces & Flails
  3824 | D:4      | Reached XP level 7. HP: 41/43 MP: 7/7
  4155 | D:4      | Lost mutation: Your body sometimes deteriorates upon taking
                  | damage. [potion of mutation]
  4155 | D:4      | Lost mutation: You are partially covered in iridescent
                  | scales. (AC +2) [potion of mutation]
  4155 | D:4      | Gained mutation: You occasionally shout uncontrollably at
                  | your foes. [potion of mutation]
  4155 | D:4      | Gained mutation: You are agile. (Dex +2) [potion of
                  | mutation]
  4155 | D:4      | Gained mutation: Your spells are a little harder to cast,
                  | but a little more powerful. [potion of mutation]
  4280 | D:4      | Noticed Sigmund
  4289 | D:4      | Killed Sigmund
  4302 | D:4      | Reached skill level 7 in Maces & Flails
  4443 | D:5      | Entered Level 5 of the Dungeon
  4472 | D:5      | Reached XP level 8. HP: 39/48 MP: 8/8
  4760 | D:5      | Reached skill level 8 in Maces & Flails
  5110 | D:5      | Found Zyufer's Antique Armour Boutique.
  5116 | D:5      | Bought a turquoise-encrusted scale mail for 207 gold pieces
  5116 | D:5      | Identified the +0 scale mail of Undesirable Species {rC-
                  | Will+ Dex+5 SInv} (You bought it in a shop on level 5 of
                  | the Dungeon)
  5187 | D:5      | Noticed Edmund
  5210 | D:5      | Killed Edmund
  5211 | D:5      | Reached skill level 5 in Fighting
  5934 | D:6      | Reached skill level 9 in Maces & Flails
  5934 | D:6      | Reached skill level 5 in Armour
  6004 | D:6      | Noticed a yak
  6004 | D:6      | Noticed a yak
  6004 | D:6      | Noticed a yak
  6018 | D:6      | Noticed a yak
  6030 | D:5      | Killed a yak
  6213 | D:6      | Noticed a yak
  6225 | D:5      | Slain by a yak

Illustrated notes

Levels and vault maps discovered:
D:1:      dpeg_arrival_pits, layout_basic, dreamdust_ecumenical_altar_grove
D:2:      layout_loops_ring, uniq_crazy_yiuf_cottage, uniq_jessica
D:3:      wad_pebble_path, layout_basic, mainiacjoe_overflow_large_starburst
D:4:      layout_gridville, gup_ossuary_entry_pyramid, uniq_sigmund
D:5:      layout_loops_ring, serial_shops, shop, uniq_edmund
D:6:      layout_gridville, kennysheep_small_square, uniq_grinder

Skill      XL: |  1  2  3  4  5  6  7  8 |
---------------+-------------------------+-----
Maces & Flails | 3 4 6 7 9 |  9.4
Armour         | 4 5 |  5.1
Fighting       | 4 5 |  5.2
Shields        | 4 |  4.4
Stealth        | |  0.2

Action                   |  1- 3 |  4- 6 |  7- 9 || total
-------------------------+-------+-------+-------++-------
Melee: Flail             |    58 |   321 |   210 ||   589
  Use: Potion            |       |    10 |     7 ||    17
       Scroll            |       |     8 |       ||     8
Armor: Plate armour      |    40 |   206 |   148 ||   394
       Scale mail        |     1 |       |       ||     1
Dodge: Dodged            |     9 |    55 |    60 ||   124
Block: Buckler           |     9 |    50 |    51 ||   110
